AoeStats
← Pancho-Hot

Arabia

508815769Analyzed
1v1 RM · 8d ago on Sep 24, 2026· 94m 43s· 2 players
Game mode
Random Map
Map size
Tiny (2 player)
Population
200
Speed
Normal
Resources
Standard
Victory
Conquest
Starting age
Dark Age
Ending age
Imperial Age
RankedLock teamsTeams togetherTeam positionsShared explorationLock speedFull tech treeHidden civsTurbo modeCheats
Victory
Defeat
🇲🇽 Mapuche · Mexico
1018
+17
🇲🇽 Mongols · Mexico
1035
-17
JLTijs07
13:29 Feudal Age
17:30 Fletching
20:20 Castle Age
21:00 Champi Runner
21:10 Champi Runner
21:29 Elite Skirmisher
21:51 Horse Collar
23:50 Champi Warrior
28:12 Elite Skirmisher
32:23 Town Watch
34:10 Scale Mail Armor
34:21 Double-Bit Axe
34:27 Gold Mining
36:13 Wheelbarrow
44:00 Imperial Age
41:54 Arson
42:41 Forging
43:00 Pikeman
44:38 Halberdier
45:55 Hand Cart
45:31 Loom
48:26 Elite Kona
49:27 Conscription
52:01 Theocracy
51:27 Herbal Medicine
51:53 Fletching
52:39 Iron Casting
52:05 Padded Archer Armor
54:30 Heavy Plow
54:41 Bow Saw
54:23 Stone Mining
55:09 Gold Shaft Mining
55:44 Crop Rotation
56:20 Butalmapu
56:52 Ballistics
56:44 Bodkin Arrow
57:50 Blast Furnace
74:50 Chemistry
79:40 Capped Ram
81:11 Chain Mail Armor
81:11 Leather Archer Armor
84:39 Elite Champi Warrior
89:29 Plate Mail Armor
89:29 Ring Archer Armor
Pancho-Hot
8:26 Feudal Age
8:37 Man-at-Arms
10:42 Loom
20:19 Castle Age
18:45 Fletching
21:43 Thumb Ring
22:41 Padded Archer Armor
28:53 Wheelbarrow
28:03 Town Watch
30:45 Bodkin Arrow
31:24 Double-Bit Axe
31:32 Horse Collar
36:13 Imperial Age
34:33 Pikeman
35:27 Stone Mining
35:27 Gold Mining
36:01 Bow Saw
36:14 Heavy Plow
37:43 Bracer
37:56 Forging
42:48 Bloodlines
42:39 Husbandry
42:01 Cavalier
49:50 Scale Barding Armor
51:28 Scale Mail Armor
52:04 Iron Casting
51:50 Chain Barding Armor
58:02 Gold Shaft Mining
58:02 Stone Shaft Mining
61:31 Blast Furnace
60:48 Chain Mail Armor
62:20 Heavy Camel Rider
79:24 Bracer
79:39 Leather Archer Armor
79:29 Light Cavalry
81:03 Hussar
81:33 Elite Skirmisher
Connection lost

Rejoining the realm…

Still unreachable

The connection could not be restored.

Session expired

The server has moved on; the page needs a fresh start.